 Dungeon Crawl Stone Soup version 0.24.0-1-gfbc8707122 (webtiles) character file.

Game seed: 3382520052043168227, levelgen mode: deterministic

13091 Chiseanne the Blocker (level 11, 101/101 HPs)
             Began as a Minotaur Fighter on Oct 26, 2019.
             Was an Initiate of Gozag.
             Quit the game on level 10 of the Dungeon.
             The game lasted 00:25:33 (10450 turns).

Chiseanne the Blocker (Minotaur Fighter)           Turns: 10450, Time: 00:25:33

Health: 101/101    AC: 12    Str: 22    XL:     11   Next: 71%
Magic:  19/19      EV: 14    Int:  5    God:    Gozag
Gold:   799        SH: 13    Dex:  8    Spells: 10/10 levels left

rFire    + + .     SeeInvis .   a - +3 war axe (chop)
rCold    . . .     Gourm    .   c - +1 shield
rNeg     . . .     Faith    .   j - +0 ring mail of Mirth {rF++ MP+9 Dex-4 Stlth+}
rPois    +         Spirit   .   (helmet restricted)
rElec    .         Reflect  .   K - +1 cloak
rCorr    .         Harm     .   M - +1 pair of gloves
MR       .....                  (no boots)
Stlth    +.........             g - amulet of the acrobat
HPRegen  0.26/turn              (no ring)
MPRegen  0.16/turn              m - ring of poison resistance

@: no status effects
A: retaliatory headbutt, horns 2
a: Potion Petition, Call Merchant, Bribe Branch, Renounce Religion


You were on level 10 of the Dungeon.
You worshipped Gozag.
Gozag was pleased with you.
You were full.

You visited 1 branch of the dungeon, and saw 12 of its levels.

You collected 5947 gold pieces.
You spent 541 gold pieces at shops.
You paid 4607 gold pieces to Gozag.

Inventory:

Hand Weapons
 a - a +3 war axe of chopping (weapon)
 n - the +1 long sword of Gloom {drain, *Noise Dex+4 SInv}
   (You found it on level 4 of the Dungeon)

   A truly terrible weapon, it drains the life of those it strikes.
   It affects your dexterity (+4).
   It lets you see invisible.
   It may make noises in combat.
 P - a +1 morningstar of holy wrath
 S - a cursed +3 flail
Missiles
 e - 208 stones (quivered)
 p - 33 sling bullets
 q - 17 bolts
 t - 34 poisoned darts
 y - 224 arrows
 F - 4 javelins
 G - 3 boomerangs
 N - a throwing net
Armour
 c - a +1 shield (worn)
 j - the +0 ring mail of Mirth (worn) {rF++ MP+9 Dex-4 Stlth+}
   (You found it on level 5 of the Dungeon)

   It affects your dexterity (-4).
   It greatly protects you from fire.
   It affects your magic capacity (+9).
   It makes you more stealthy.
 K - a +1 cloak (worn)
 L - a +0 pair of boots
 M - a +1 pair of gloves (worn)
Jewellery
 g - an amulet of the acrobat (around neck)
 m - a ring of poison resistance (right hand)
 v - an uncursed amulet of regeneration
 C - an uncursed amulet of guardian spirit
 O - an uncursed ring of protection from fire
 Q - a cursed -2 ring of slaying {unknown}
Wands
 D - a wand of random effects (11)
 H - a wand of enslavement (15)
 I - a wand of acid (1)
 R - a wand of paralysis (11)
Scrolls
 h - 3 scrolls of teleportation
 i - 2 scrolls of fog
 u - a scroll of remove curse
Potions
 b - a potion of ambrosia {unknown}
 d - 2 potions of might
 k - a potion of brilliance
 l - a potion of magic
 o - 8 potions of curing
 r - 2 potions of cancellation {unknown}
 w - 5 potions of heal wounds
 x - a potion of lignification {unknown}
 z - 2 potions of haste {unknown}
 B - 6 potions of mutation
 E - 2 potions of flight {unknown}
 J - a potion of degeneration {unknown}
 U - a potion of agility {unknown}
Miscellaneous
 A - a lightning rod (4/4)
Comestibles
 f - 12 rations


   Skills:
 * Level 10.7 Fighting
 * Level 10.4 Axes
 * Level 10.7 Armour
 * Level 9.3 Dodging
 * Level 10.8 Shields


You had 10 spell levels left.
You didn't know any spells.
Your spell library contained the following spells:

 Spells                   Type           Power        Failure   Level  Hunger
 Shock                    Conj/Air       #...         78%         1    ##.....
 Swiftness                Chrm/Air       #.......     89%         2    ###....
 Static Discharge         Conj/Air       #.......     98%         3    ####...
 Airstrike                Air            #.........   100%        4    #####..
 Lightning Bolt           Conj/Air       #.........   100%        5    ######.


Dungeon Overview and Level Annotations

Branches:
Dungeon (12/15)            Temple (0/1) D:6            Lair (0/6) D:8
    Orc: D:9-12

Altars:
Ashenzari
Dithmenos
Fedhas
Gozag
Kikubaaqudgha
Makhleb
Yredelemnul

Shops:
D:6 :   D:8 [   D:10 **(   D:11 (

Annotations:
D:4 3 runed translucent doors, kalagan's ghost, novice GrEE
D:9 exclusion: downstairs
D:11 Fannar


Innate Abilities, Weirdness & Mutations

You reflexively headbutt those who attack you in melee.
You have a pair of horns on your head.


Message History

[b] 1037 gold - Fopsaq's Assorted Antiques [c] 1233 gold - Pibbod's Gadget Shop [d] 894 gold - Saopepo's General Store Fund which merchant?
You no longer have enough gold to bribe branches to halt enemies' attacks and recruit allies.
Saopepo invites you to visit his General Store. [a] 1586 gold - Kidday's Food Boutique [b] 984 gold - Doneshryl's General Store [c] 1430 gold - Ygusig's Antique Weapon Shop [d] 914 gold - Zewkourr's Distillery Fund which merchant?
You no longer have enough gold to fund merchants seeking to open stores in the dungeon.
Ygusig invites you to visit her Antique Weapon Shop.
s - a bone scimitar Thank you for shopping at Ygusig's Antique Weapon Shop!
As you read the scroll of identify, it crumbles to dust.
s - the cursed +1 scimitar of Ashenzari's Esteem {vamp, rF- MP+9 Str+3 Dex+6} Drop what? 46/52 slots (_ for help) (? for menu, Esc to quit)
You drop the cursed +1 scimitar of Ashenzari's Esteem {vamp, rF- MP+9 Str+3 Dex+6}.
Are you sure you want to abandon this character and quit the game? (Confirm with "yes".)

#.#.##.###.#
#.#..#.....#
#.##.#######
######.##.##########
#..........)........
#......#.###########
#......#.#...[....#.
#......#.#.#.#)##.#.
#∩∩@...#'#......#.>.
#∩>............#####
#..............'....
#######........#####
########## # # # ###
#..


There were no monsters in sight!

Vanquished Creatures
  A hydra (D:10)
  An ugly thing (D:12)
  An elephant (D:8)
  Maurice (D:9)
  Psyche (D:11)
  A komodo dragon (D:11)
  A redback zombie (D:12)
  A troll (D:9)
  A tengu conjurer (D:9)
  A hornet (D:8)
  5 hippogriffs
  A spriggan (D:7)
  3 wyverns
  2 wraiths
  A water elemental (D:12)
  A basilisk (D:8)
  13 yaks
  5 vampire mosquitoes
  3 orc warriors
  Duvessa (D:6)
  2 sky beasts
  A black bear (D:9)
  2 phantoms (D:6)
  2 necrophages
  3 ogres
  7 centaurs
  A crocodile (D:8)
  2 big kobolds
  4 bullfrogs
  Dowan (D:6)
  2 wyvern skeletons
  4 scorpions
  A water moccasin skeleton (D:10)
  15 wights
  2 vampire bats (D:5)
  4 howler monkeys
  5 crimson imps
  A quasit (D:10)
  A bullfrog zombie (D:5)
  3 hounds
  4 orc priests
  2 centaur skeletons
  5 bullfrog skeletons
  4 jellies
  9 orc wizards
  4 iguanas
  8 worker ants
  A hound zombie (D:5)
  A hound skeleton (D:7)
  2 worker ant zombies
  A howler monkey skeleton (D:9)
  3 gnolls (D:4)
  14 adders
  4 shadow imps
  An adder skeleton (D:6)
  A dart slug (D:1)
  3 leopard geckos
  30 orcs
  3 bats
  2 bat skeletons (D:5)
  3 bat zombies (D:5)
  3 giant cockroaches
  6 goblins
  3 hobgoblins (D:1)
  6 jackals
  11 kobolds
  2 quokkas
  A jackal skeleton (D:7)
  3 leopard gecko skeletons
  A leopard gecko zombie (D:5)
  A rat (D:3)
250 creatures vanquished.

Vanquished Creatures (others)
  2 plants (D:9)
2 creatures vanquished.

Grand Total: 252 creatures vanquished

Notes
Turn   | Place    | Note
-------+----------+-------------------------------------------
     0 | D:1      | Chiseanne the Minotaur Fighter began the quest for the Orb.
     0 | D:1      | Reached XP level 1. HP: 19/19 MP: 0/0
   211 | D:1      | Reached XP level 2. HP: 27/27 MP: 1/1
   375 | D:1      | Reached skill level 1 in Dodging
   765 | D:5      | Entered Level 5 of the Dungeon
   773 | D:5      | Reached XP level 3. HP: 33/33 MP: 2/2
   828 | D:5      | Got a crude ring mail
   854 | D:5      | Identified the cursed +0 ring mail of Mirth {rF++ MP+9
                  | Dex-4 Stlth+} (You found it on level 5 of the Dungeon)
   952 | D:6      | Reached XP level 4. HP: 30/40 MP: 3/3
  1078 | D:6      | Noticed Dowan
  1081 | D:6      | Noticed Duvessa
  1105 | D:6      | Killed Duvessa
  1105 | D:6      | Reached XP level 5. HP: 17/47 MP: 4/4
  1166 | D:6      | Found Qul Qow's Book Emporium.
  1238 | D:6      | Found a staircase to the Ecumenical Temple.
  1515 | D:6      | Killed Dowan
  1515 | D:6      | Reached XP level 6. HP: 49/55 MP: 5/5
  1583 | D:5      | Reached skill level 5 in Armour
  1584 | D:5      | Found an opulent altar of Gozag.
  1587 | D:5      | Reached skill level 5 in Fighting
  1608 | D:5      | Became a worshipper of Gozag Ym Sagoz the Greedy
  1646 | D:5      | Reached skill level 5 in Shields
  1846 | D:4      | Got an ebony long sword
  1847 | D:4      | Identified the +1 long sword of Gloom {drain, *Noise Dex+4
                  | SInv} (You found it on level 4 of the Dungeon)
  1921 | D:4      | Found a shadowy altar of Dithmenos.
  1929 | D:4      | Reached XP level 7. HP: 44/61 MP: 6/6
  1950 | D:4      | Got a transparent turquoise ring
  1951 | D:4      | Identified the ring of Suspected Treachery {Ice rElec Int-2
                  | Dex+7 Slay+2} (You found it on level 4 of the Dungeon)
  2114 | D:4      | Found a runed translucent gate.
  2114 | D:4      | Found a runed translucent gate.
  2118 | D:4      | Found a runed translucent gate.
  2124 | D:4      | Noticed kalagan's ghost (novice GrEE)
  2594 | D:5      | Reached skill level 5 in Axes
  3049 | D:5      | Reached XP level 8. HP: 66/70 MP: 7/7
  3082 | D:5      | Found an ancient bone altar of Kikubaaqudgha.
  3823 | D:7      | Found a shattered altar of Ashenzari.
  3898 | D:7      | Reached skill level 5 in Dodging
  4515 | D:7      | Found a burning altar of Makhleb.
  4522 | D:7      | Reached XP level 9. HP: 77/79 MP: 8/8
  5132 | D:8      | Found a basalt altar of Yredelemnul.
  5340 | D:8      | Found a staircase to the Lair.
  5341 | D:8      | Noticed an elephant
  5367 | D:8      | Killed an elephant
  6137 | D:9      | Noticed a tengu conjurer
  6178 | D:9      | Found the +5 robe of Misfortune {*Contam Harm *Corrode
                  | *Drain *Slow EV+5}
  6180 | D:9      | Killed a tengu conjurer
  6180 | D:9      | Reached XP level 10. HP: 78/89 MP: 9/9
  6612 | D:9      | Noticed Maurice
  6621 | D:9      | Killed Maurice
  7017 | D:9      | Found a blossoming altar of Fedhas.
  7162 | D:10     | Entered Level 10 of the Dungeon
  7593 | D:10     | Noticed a four-headed hydra
  8017 | D:10     | Killed a four-headed hydra
  8301 | D:10     | Reached XP level 11. HP: 98/98 MP: 10/10
  8428 | D:10     | Found a shadowy altar of Dithmenos.
  8445 | D:10     | Reached skill level 10 in Shields
  8613 | D:11     | Reached skill level 10 in Fighting
  8615 | D:11     | Reached skill level 10 in Armour
  8631 | D:11     | Bought a runed morningstar for 217 gold pieces
  8929 | D:11     | Noticed Psyche
  8935 | D:11     | Killed Psyche
  8994 | D:11     | Noticed Fannar
  9014 | D:11     | Noticed a green ugly thing
  9255 | D:12     | Reached skill level 10 in Axes
 10009 | D:12     | Noticed a brown ugly thing
 10017 | D:12     | Killed a brown ugly thing
 10165 | D:11     | Identified a scroll of acquirement
 10447 | D:10     | Bought a bone scimitar for 324 gold pieces
 10448 | D:10     | Identified the cursed +1 scimitar of Ashenzari's Esteem
                  | {vamp, rF- MP+9 Str+3 Dex+6} (You bought it in a shop on
                  | level 10 of the Dungeon)
 10450 | D:10     | Quit the game

Levels and vault maps discovered:
D:1:      lightli_arrival_boilingwater, layout_loops_ring
D:2:      layout_loops_ring, chequers_ecumenical_altar_island
D:3:      layout_basic, minmay_misc_feat_roman, chequers_avenue,
          uniq_crazy_yiuf_cottage
D:4:      layout_basic, lemuel_round_altar, gammafunk_ghost_split
D:5:      layout_basic, kennysheep_vampire_church,
          nicolae_gozag_cash_rules_everything_around_me, first_ration
D:6:      layout_gridville, minmay_temple_entry_statues_pillars, serial_shops,
          shop, uniq_duvessa
D:7:      layout_layer_cave, evilmike_ruin_ashenzari, hangedman_glass_teeth,
          the_bakery, makhleb_blood_cavern_becter
D:8:      layout_layer_cave, yredelemnul_altar_generic, david_lair_generic
D:9:      layout_loops_ring, fedhas_altar_decomposition,
          minmay_mirror_moons_of_madness, uniq_maurice
D:10:     layout_basic, nicolae_dithmenos_the_darkroom
D:11:     layout_rooms, david_orc_4, uniq_fannar, uniq_psyche
D:12:     cheibrodos_helix_gallery, layout_basic, hangedman_decor_riveting

Skill      XL: |  1  2  3  4  5  6  7  8  9 10 11 |
---------------+----------------------------------+-----
Dodging        | 1 2 3 4 5 6 8 9 |  9.3
Fighting       | 4 5 6 7 8 9 10 | 10.7
Armour         | 4 5 6 7 8 9 10 | 10.7
Shields        | 4 5 6 7 8 9 10 | 10.8
Axes           | 3 4 5 6 8 9 10 | 10.4

Action                   |  1- 3 |  4- 6 |  7- 9 | 10-12 || total
-------------------------+-------+-------+-------+-------++-------
Melee: War axe           |    57 |    90 |   177 |   340 ||   664
       Headbutt          |    13 |    16 |    50 |    80 ||   159
Invok: Call Merchant     |       |       |     1 |     4 ||     5
Evoke: Wand              |       |       |     1 |    12 ||    13
       Lightning rod     |       |       |       |     3 ||     3
  Use: Scroll            |     8 |     8 |     3 |    13 ||    32
       Potion            |       |     3 |     1 |     1 ||     5
 Stab: Distracted        |       |     1 |     1 |     3 ||     5
       Sleeping          |       |       |     1 |     1 ||     2
       Confused          |       |       |     1 |       ||     1
  Eat: Chunk             |       |     2 |       |       ||     2
       Ration            |       |     2 |     4 |     4 ||    10
Armor: Scale mail        |    21 |     4 |       |       ||    25
       Ring mail         |     1 |    27 |    31 |    97 ||   156
Dodge: Dodged            |    20 |    34 |    83 |   186 ||   323
Block: Shield            |    30 |    46 |    98 |   236 ||   410
